 Dungeon Crawl Stone Soup version 0.31.0-32-g396128a36d (webtiles) character file.

Game seed: 4596215641871840340

32 MineralWater the Grave Robber (level 3, -6/28 HPs)
             Began as a Ghoul Necromancer on Mar 30, 2024.
             Mangled by Sigmund
             ... wielding a +0 scythe
              (8 damage)
             ... on level 2 of the Dungeon.
             The game lasted 00:33:00 (1523 turns).

MineralWater the Grave Robber (Ghoul Necromancer)   Turns: 1523, Time: 00:33:01

Health: -6/28      AC:  3    Str: 11    XL:     3   Next: 27%
Magic:  2/5        EV: 11    Int: 16    God:
Gold:   73         SH:  0    Dex:  9    Spells: 4/5 levels left

rFire   . . .        r - +0 short sword
rCold   + . .        (no shield)
rNeg    + + +        m - +0 leather armour
rPois   ∞            (no helmet)
rElec   .            (no cloak)
rCorr   .            (no gloves)
SInv    .            (no boots)
Will    .....        (no amulet)
Stlth   +            (no ring)
HPRegen 0.00/turn    (no ring)
MPRegen 0.09/turn

%: no passive effects
@: inhibited regen
A: claws 1, cold resistance 1, negative energy resistance 3, inhibited
regeneration, torment resistance 2, devour on kill
a: no special abilities


You were on level 2 of the Dungeon.
You visited 1 branch of the dungeon, and saw 2 of its levels.

You collected 73 gold pieces.

Inventory:

Hand Weapons
 j - a +0 whip
 k - a +0 dagger
 l - a +0 dagger
 p - a +0 club
 r - a +0 short sword (weapon)
 s - a +0 dagger
 t - a +0 club
Missiles
 e - 28 stones
 o - 2 boomerangs
Armour
 a - a +0 robe
 m - a +0 leather armour (worn)
Scrolls
 c - a scroll of blinking {unknown}
 f - 3 scrolls of identify {unknown}
 h - a scroll of noise {unknown}
 i - a scroll of teleportation {unknown}
 q - 2 scrolls of amnesia {unknown}
Potions
 b - a potion of magic
 d - a potion of resistance {unknown}
 g - 2 potions of curing {unknown}
 n - a potion of invisibility {unknown}


   Skills:
 * Level 1.5 Fighting
 - Level 1.7 Dodging
 - Level 2.2 Stealth
 - Level 0.1 Unarmed Combat
 - Level 1.8 Spellcasting
 * Level 4.6 Necromancy


You had 4 spell levels left.
You knew the following spells:

 Your Spells              Type           Power      Damage    Failure   Level
a - Necrotise             Necr           64%        1d7       4%          1

Your spell library contained the following spells:

 Spells                   Type           Power      Damage    Failure   Level
 Fugue of the Fallen      Necr           16%        N/A       12%         3
 Vampiric Draining        Necr           16%        2d7       12%         3
 Ensorcelled Hibernation  Hex/Ice        2%         N/A       38%         2
 Animate Dead             Necr           16%        N/A       38%         4
 Anguish                  Hex/Necr       4%         N/A       71%         4
 Curse of Agony           Necr           16%        N/A       75%         5


Dungeon Overview and Level Annotations

Branches:
Dungeon (2/15)

Altars:

Annotations:
D:2 Sigmund


Innate Abilities, Weirdness & Mutations

You are immune to poison.
You have sharp fingernails.
Your flesh is cold resistant. (rC+)
You are immune to negative energy. (rN+++)
You do not regenerate when monsters are visible.
You are immune to unholy pain and torment.
You thrive by killing the living.


Message History

Sigmund hits you but does no damage. The quokka misses you.
The quokka bites you but does no damage.
You hit the quokka but do no damage.
The quokka is almost dead.
The quokka bites you.
You barely miss the quokka.
The quokka is almost dead.
Sigmund barely misses you. The quokka closely misses you.
You barely miss the quokka.
The quokka is almost dead.
The quokka closely misses you.
Your rat skeleton misses the quokka.
Sigmund hits you from afar with a +0 scythe!
You closely miss the quokka.
The quokka is almost dead.
The quokka barely misses you.
Your rat skeleton bites the quokka.
The quokka dies!
You see here a quokka corpse.
Sigmund hits your rat skeleton with a +0 scythe!
Your rat skeleton is destroyed!
Aiming: Necrotise (safe; 4% risk of failure)
Press: ? - help, Q - select action, (/) - cycle Shift-Dir - straight line, f - Sigmund
Aim: Sigmund, wielding a +0 scythe and wearing a +0 robe (chance to affect: 80%) Sigmund writhes in agony!
Sigmund points at you and mumbles some strange words.
You are confused.
You're too confused to aim your attacks!
You're too confused to cast spells.
Sigmund hits you from afar with a +0 scythe!
* * * LOW HITPOINT WARNING * * *
Sigmund attacks as he pursues you!
Sigmund hits you from afar with a +0 scythe.
* * * LOW HITPOINT WARNING * * *
Sigmund hits you from afar with a +0 scythe.
* * * LOW HITPOINT WARNING * * *
Sigmund barely misses you.
You feel less confused.
Sigmund hits you from afar with a +0 scythe!
You die...
Sigmund begins carving another notch in his scythe.

.........# .. .#..#...>#
...# . .....#....# . ..
. .. #......# .# #.##.
#..###....#####.# ..#.
#..........#...# #.#.
.###...@.#...# ###...
##....†..## ###.....
#..@.....####...>...
....................##..
#....#....##...#.#####..
.....####........# #...
.... ####.#...## #.##
##. ...###..###.## ##
##### #...#..##
######.....###
#.............


You could see Sigmund.

Vanquished Creatures
  A dart slug (D:1)
  3 endoplasms (D:1)
  A giant cockroach (D:1)
  2 goblins (D:1)
  4 hobgoblins
  3 kobolds
  A quokka (D:1)
  4 ball pythons
  3 bats (D:1)
  2 frilled lizards
  2 rats
26 creatures vanquished.

Vanquished Creatures (collateral kills)
  A quokka (D:2)
  A rat (D:1)
2 creatures vanquished.

Grand Total: 28 creatures vanquished

Notes
Turn   | Place    | Note
-------+----------+-------------------------------------------
     0 | D:1      | MineralWater the Ghoul Necromancer began the quest for the
                  | Orb.
     0 | D:1      | Reached XP level 1. HP: 14/14 MP: 3/3
   261 | D:1      | Reached XP level 2. HP: 20/20 MP: 4/4
   727 | D:1      | Reached skill level 1 in Fighting
   962 | D:1      | Reached XP level 3. HP: 28/28 MP: 2/5
  1496 | D:2      | Noticed Sigmund
  1523 | D:2      | Mangled by Sigmund

Illustrated notes

Levels and vault maps discovered:
D:1:      eino_arrival_water_cross, layout_loops_corners, minmay_statues_item
D:2:      layout_rooms, hellmonk_ecumenical_altar_the_god_not_taken,
          uniq_crazy_yiuf_cottage, uniq_sigmund

Skill      XL: |  1  2 |
---------------+-------+-----
Fighting       | 1 |  1.5
Dodging        | |  1.7
Stealth        | |  2.2
Unarmed Combat | |  0.1
Spellcasting   | |  1.8
Necromancy     | |  4.6

Action                     || total
---------------------------++-------
  Melee: Unarmed           ||    20
         Whip              ||    88
         Punch             ||     1
         Short sword       ||     8
   Cast: Necrotise         ||    20
    Use: Potion            ||     1
   Stab: Sleeping          ||     1
 Armour: Robe              ||    12
         Leather armour    ||    51
  Dodge: Dodged            ||    80
